 Dungeon Crawl Stone Soup version 0.27.1-35-g4d5d836560 (webtiles) character file.

Game seed: 15602188483703651412

104 Iusername the Skirmisher (level 4, 0/41 HPs)
             Began as a Minotaur Fighter on Aug 22, 2022.
             Succumbed to an adder's poison
             ... on level 2 of the Dungeon.
             The game lasted 00:02:20 (1138 turns).

Iusername the Skirmisher (Minotaur Fighter)         Turns: 1138, Time: 00:02:21

Health: 0/41       AC:  7    Str: 21    XL:     4   Next: 52%
Magic:  3/3        EV:  7    Int:  6    God:
Gold:   22         SH:  9    Dex:  9    Spells: 3/3 levels left

rFire    . . .     SeeInvis .   a - +0 long sword
rCold    . . .     Faith    .   c - +0 kite shield
rNeg     . . .     Spirit   .   b - +0 scale mail
rPois    .         Reflect  .   (helmet restricted)
rElec    .         Harm     .   (no cloak)
rCorr    .         Rampage  .   (no gloves)
Will     +....                  (no boots)
Stlth    ..........             (no amulet)
HPRegen  0.13/turn              (no ring)
MPRegen  0.08/turn              (no ring)

@: lethally poisoned (0 -> -3), attractive, flying
A: horns 2, retaliatory headbutt, talons 1, deterioration 1, strong-willed 1
a: no special abilities


You were on level 2 of the Dungeon.
You visited 1 branch of the dungeon, and saw 2 of its levels.

You collected 22 gold pieces.

Inventory:

Hand Weapons
 a - a +0 long sword (weapon)
Armour
 b - a +0 scale mail (worn)
 c - a +0 kite shield (worn)
Scrolls
 g - a scroll of amnesia {unknown}
 j - a scroll of magic mapping {unknown}
 k - a scroll of fog {unknown}
 l - a scroll of identify {unknown}
 m - a scroll of silence {unknown}
Potions
 d - a potion of invisibility {unknown}
 e - a potion of berserk rage {unknown}


   Skills:
 + Level 4.5 Fighting
 + Level 3.6 Long Blades
 + Level 4.4 Armour
 + Level 0.5 Dodging
 + Level 4.2 Shields


You had 3 spell levels left.
You didn't know any spells.
Your spell library was empty.

Dungeon Overview and Level Annotations

Branches:
Dungeon (2/15)

Altars:

Annotations:
D:2 Sigmund


Innate Abilities, Weirdness & Mutations

You have a pair of horns on your head.
You reflexively headbutt those who attack you in melee.
You have sharp toenails.
Your body sometimes deteriorates upon taking damage.
You are strong-willed. (Will+)


Message History

It was a potion of flight.
You feel very buoyant.
You fly up into the air.
You block the goblin's attack. The goblin barely misses you.
You barely miss something. You block the goblin's attack.
Something completely misses you. The goblin hits you but does no damage.
The goblin barely misses you. You furiously retaliate!
You headbutt the goblin!
You kill the goblin!
You closely miss something. The goblin closely misses you.
You riposte.
You closely miss the goblin. You block the adder's attack.
Something hits you but does no damage. The goblin hits you but does no damage.
You barely miss something. You headbutt something!
You block the adder's attack. Something hits you. The adder bites you.
You are poisoned.
The adder poisons you! You block the goblin's attack.
You miss something.
You feel very sick. The adder bites you.
* * * LOW HITPOINT WARNING * * *
You block the goblin's attack. You block something's attack.
The adder bites you but does no damage.
Your shield prevents you from hitting something.
You feel sick. The adder bites you.
* * * LOW HITPOINT WARNING * * *
The goblin hits you but does no damage.
You hear some strange, mumbled words.
Something tries to affect you, but you resist.
The adder bites you but does no damage. The goblin barely misses you.
You riposte.
You slash the goblin!
You kill the goblin!
It was a potion of mutation.
You feel extremely strange.
You feel yourself wasting away.
Your toenails lengthen and sharpen.
You feel strong-willed.
You feel sick. The adder bites you.
* * * LOW HITPOINT WARNING * * *
Something hits you.
* * * LOW HITPOINT WARNING * * *
It was a potion of attraction.
You feel attractive to monsters.
You die...

######### ##
########....(..# ..#
............##.# ...#
#.######.##.##.# ###...#
.#.......##[##.##.......
......#####.............
...#..######.....)......
#.##..##.......S@{......
#........###.#.#)..#....
#.##..### #.#).###.....
#.....# #.#..# ....
......# #.#.$# #..
......# #.#.#. # ......#
#.#.#.# >....# #.#.#.#
....## .....


You could see an adder.

Vanquished Creatures
  Terence (D:2)
  A worm (D:2)
  4 dart slugs
  5 ball pythons
  7 endoplasms (D:1)
  2 giant cockroaches (D:1)
  11 goblins
  2 hobgoblins (D:1)
  12 jackals
  3 kobolds
  3 quokkas (D:1)
  3 bats (D:1)
  2 frilled lizards
  3 rats
59 creatures vanquished.

Notes
Turn   | Place    | Note
-------+----------+-------------------------------------------
     0 | D:1      | Iusername the Minotaur Fighter began the quest for the Orb.
     0 | D:1      | Reached XP level 1. HP: 19/19 MP: 0/0
   112 | D:1      | Reached XP level 2. HP: 27/27 MP: 1/1
   377 | D:1      | Reached XP level 3. HP: 33/33 MP: 2/2
   734 | D:1      | Found a faded altar of an unknown god.
   858 | D:2      | Reached XP level 4. HP: 17/41 MP: 3/3
  1094 | D:2      | Noticed Terence
  1105 | D:2      | Killed Terence
  1124 | D:2      | Noticed Sigmund
  1137 | D:2      | Gained mutation: Your body sometimes deteriorates upon
                  | taking damage. [potion of mutation]
  1137 | D:2      | Gained mutation: You have sharp toenails. [potion of
                  | mutation]
  1137 | D:2      | Gained mutation: You are strong-willed. (Will+) [potion of
                  | mutation]
  1137 | D:2      | HP: 1/41 [something (6)]
  1138 | D:2      | Succumbed to an adder's poison

Illustrated notes

Levels and vault maps discovered:
D:1:      lemuel_arrival_rhombus, layout_loops_ring,
          chequers_ecumenical_altar_simple, kennysheep_crisscross,
          minmay_misc_feat_iff, st_stairs_5, minmay_misc_feat_rugged
D:2:      layout_loops_ring, amcnicky_mini_rare_corridor_liquid,
          minmay_pentomino_q2, uniq_sigmund, uniq_terence

Skill      XL: |  1  2  3 |
---------------+----------+-----
Fighting       | 4 |  4.5
Shields        | 4 |  4.2
Long Blades    | 3 |  3.6
Armour         | 4 |  4.4
Dodging        | |  0.5

Action                   |  1- 3 |  4- 6 || total
-------------------------+-------+-------++-------
Melee: Long sword        |    96 |    20 ||   116
       Headbutt          |    15 |     3 ||    18
  Use: Potion            |     1 |     3 ||     4
Armor: Scale mail        |    77 |     9 ||    86
Dodge: Dodged            |    40 |    14 ||    54
Block: Kite shield       |    74 |    12 ||    86
       Rpst.: Long sword |    12 |     4 ||    16
